[Event "Friday 19 January Rapid Engine Tour 12+1 Rounds 9 Starts 1600 ST"]
[Site "Infinity Chess"]
[Date "2018.1.19"]
[Round "8"]
[White "NINJA_JENGKA"]
[Black "Vimtiroba"]
[Result "1/2-1/2"]
[ECO "D02"]
[WhiteElo "2451"]
[BlackElo "2494"]
[WhiteEngine "Houdini 6_CTG"]
[BlackEngine "SF@Infinity_CTG"]
[EventType "Swiss"]
[WhiteTeam ""]
[BlackTeam ""]
[PlyCount "280"]
[TimeControl "720+1"]

1. d4 d5 2. Nf3 Nf6 3. c4 e6 4. Nc3 c6 5. e3 Nbd7 6. Bd3 dxc4 7. Bxc4 b5 
8. Be2 Bb7 9. O-O a6 10. h3 c5 11. b3 Be7 12. Bb2 O-O 13. dxc5 Nxc5 14. b4 Ncd7 
15. a4 a5 16. Qd4 axb4 17. Nxb5 Qb8 18. Ne5 Rd8 19. Qf4 Nb6 20. Bd4 Nxa4 
21. Rfc1 b3 22. Rab1 b2 23. Bxb2 Nxb2 24. Rxb2 Be4 25. Nc6 Bxc6 26. Qxb8 Rdxb8 
27. Rxc6 Ra1+ 28. Bf1 h5 29. g3 h4 30. g4 Ne4 31. Kg2 Nc5 32. Rc7 Bf8 
33. Be2 Ra5 34. Rb1 Ra2 35. Nc3 Rxb1 36. Nxa2 g5 37. Nc3 Rb2 38. Kf3 Bd6 
39. Rc6 Rd2 40. Nb1 Rb2 41. Rxd6 Rxb1 42. Rc6 Nd7 43. Rc7 Ne5+ 44. Kg2 Rb2 
45. Rc5 f6 46. Rc8+ Kf7 47. Bf1 Ke7 48. Ra8 Nd7 49. Ra7 Kd6 50. Ra6+ Ke5 
51. Bc4 Rb6 52. Ra2 Nc5 53. Ra5 Kd6 54. Ra2 Rb4 55. Be2 Ra4 56. Rd2+ Ke5 
57. Rb2 Ra5 58. Bc4 Ra4 59. Be2 Ra1 60. Bc4 Ra3 61. Rb5 Kd6 62. Rb6+ Kc7 
63. Rb4 Rc3 64. Bf1 Kd6 65. Rb6+ Kd5 66. Rb5 Rb3 67. Ra5 Rb2 68. Bd3 Kd6 
69. Bg6 Rb3 70. Bc2 Rb8 71. Ra2 Rc8 72. Ra7 Rd8 73. Bg6 Rf8 74. Ra5 Rb8 
75. Bh7 Rb7 76. Bg6 Rb8 77. Ra2 Rb3 78. Rd2+ Ke7 79. Kf3 Nd7 80. Kg2 Ne5 
81. Bh7 Rb7 82. Ra2 Rb6 83. Kf1 Nd7 84. Bg6 Nc5 85. Kg2 Rb4 86. Ra7+ Kd6 
87. Ra2 Kc6 88. Rd2 Rb8 89. Kf3 Rf8 90. Rb2 Rc8 91. Rb1 Ra8 92. Bf7 Ra2 
93. Rc1 Kd6 94. Rd1+ Ke7 95. Bg6 e5 96. Kg2 Nb7 97. Rc1 Nd6 98. Bh7 e4 
99. Bg8 Ra7 100. Rc5 Kd7 101. Bd5 Ke7 102. Rc6 Ra5 103. Bb3 Kd7 104. Rc2 Ra3 
105. Bc4 Ke7 106. Bd5 Ra5 107. Bg8 Kd7 108. Bc4 f5 109. gxf5 Nxf5 110. Bb3 Kd6 
111. Rc8 Rb5 112. Bc2 Rb4 113. Rg8 Ke5 114. Re8+ Kd5 115. Kf1 Ng7 116. Rg8 Ne6 
117. Kg2 Rb6 118. Bd1 Ke5 119. Bg4 Kf6 120. Rh8 Kg7 121. Re8 Kf6 122. Rg8 Rc6 
123. Ra8 Kg6 124. Ra4 Nc5 125. Rd4 Rf6 126. Be2 Rc6 127. Rd5 Nb7 128. f3 Rc2 
129. Kf1 Rc1+ 130. Kf2 Nc5 131. f4 gxf4 132. exf4 Rc3 133. Rg5+ Kf6 134. Bg4 Ne6 
135. Re5 e3+ 136. Rxe3 Rxe3 137. Kxe3 Nxf4 138. Kxf4 Kg6 139. Bf5+ Kg7 
140. Bc8 Kg8 1/2-1/2

[Event "Friday 19 January Rapid Engine Tour 12+1 Rounds 9 Starts 1600 ST"]
[Site "Infinity Chess"]
[Date "2018.1.19"]
[Round "8"]
[White "MGR"]
[Black "RonWeasley"]
[Result "1/2-1/2"]
[ECO "C11"]
[WhiteElo "2474"]
[BlackElo "2482"]
[WhiteEngine "asmFishW_2017-11-19_bmi2"]
[BlackEngine "BrainFish 130117_CTG"]
[EventType "Swiss"]
[WhiteTeam ""]
[BlackTeam ""]
[PlyCount "66"]
[TimeControl "720+1"]

1. e4 e6 2. d4 d5 3. Nc3 Nf6 4. e5 Nfd7 5. f4 c5 6. Nf3 Nc6 7. Be3 cxd4 
8. Nxd4 Qb6 9. Qd2 Qxb2 10. Rb1 Qa3 11. Bb5 Nxd4 12. Bxd4 a6 13. Rb3 Qe7 
14. Ba4 g6 15. O-O Bg7 16. Bxd7+ Qxd7 17. Bc5 b5 18. Qd4 Qc7 19. a4 Bd7 
20. axb5 Rc8 21. Ba3 Bxb5 22. Nxb5 axb5 23. Rxb5 Bf8 24. Bd6 Qd7 25. Rc5 Bxd6 
26. Rxc8+ Qxc8 27. exd6 O-O 28. f5 Rd8 29. fxe6 Qxe6 30. Rf6 Qe1+ 31. Rf1 Qe6 
32. Rf6 Qe1+ 33. Rf1 Qe6 1/2-1/2

[Event "Friday 19 January Rapid Engine Tour 12+1 Rounds 9 Starts 1600 ST"]
[Site "Infinity Chess"]
[Date "2018.1.19"]
[Round "8"]
[White "Neoxium"]
[Black "Deep SKY"]
[Result "1/2-1/2"]
[ECO "D02"]
[WhiteElo "2493"]
[BlackElo "2472"]
[WhiteEngine "SF SL FA-IDeA"]
[BlackEngine "BrainFish_180106_x64_CTG"]
[EventType "Swiss"]
[WhiteTeam ""]
[BlackTeam ""]
[PlyCount "91"]
[TimeControl "720+1"]

1. d4 d5 2. Nf3 e6 3. a3 c5 4. e3 Nf6 5. h3 Be7 6. dxc5 O-O 7. b4 a5 8. Bb2 axb4 
9. axb4 Rxa1 10. Bxa1 b6 11. Nbd2 bxc5 12. bxc5 Bb7 13. Qb1 Qc7 14. Be5 Qc8 
15. Bd3 Nbd7 16. Bd6 Bxd6 17. cxd6 e5 18. Bf5 g6 19. Bxd7 Nxd7 20. O-O Ba6 
21. Rc1 Qc5 22. c4 Rc8 23. Qa1 Qxd6 24. cxd5 Qxd5 25. Rxc8+ Bxc8 26. Qa3 Bb7 
27. Qe7 Bc6 28. g4 h6 29. e4 Qc5 30. Qxc5 Nxc5 31. Nxe5 Bxe4 32. f3 Bd5 
33. Kf2 Kf8 34. Nec4 Nd3+ 35. Ke3 Ne1 36. Ne5 Ng2+ 37. Kf2 Nf4 38. Kg3 g5 
39. h4 Ke7 40. Nec4 f6 41. Ne3 Be6 42. h5 Nd5 43. Nxd5+ Bxd5 44. Kf2 f5 
45. gxf5 Kf6 46. Nf1 1/2-1/2

[Event "Friday 19 January Rapid Engine Tour 12+1 Rounds 9 Starts 1600 ST"]
[Site "Infinity Chess"]
[Date "2018.1.19"]
[Round "8"]
[White "CrapCleaner"]
[Black "xeonrocks"]
[Result "1/2-1/2"]
[ECO "C55"]
[WhiteElo "2467"]
[BlackElo "2551"]
[WhiteEngine "komodo-11.2.2-64bit_CTG"]
[BlackEngine "asmFishW_CTG"]
[EventType "Swiss"]
[WhiteTeam ""]
[BlackTeam ""]
[PlyCount "124"]
[TimeControl "720+1"]

1. e4 e5 2. Nf3 Nc6 3. Bc4 Nf6 4. d3 Bc5 5. O-O a5 6. c3 d6 7. Bg5 O-O 8. a4 h6 
9. Bh4 g5 10. Bg3 Kg7 11. Nbd2 Ba7 12. Re1 Ng8 13. h3 h5 14. d4 Nh6 15. Nf1 g4 
16. Bh4 f6 17. N3h2 Qe8 18. Ne3 gxh3 19. gxh3 exd4 20. Nd5 Ne5 21. Nxc7 Qg6+ 
22. Kh1 Bxh3 23. Ne6+ Bxe6 24. Bxe6 dxc3 25. bxc3 Rae8 26. Qxd6 Nhg4 27. Bf5 Qh6 
28. Rg1 Kh8 29. Rg2 Bb8 30. Qd1 Rd8 31. Qb1 Nxh2 32. Rxh2 Nf3 33. Rh3 Nxh4 
34. Rxh4 Qg5 35. Rh3 Rg8 36. Qg1 h4 37. Qxg5 fxg5 38. Rb1 Rg7 39. Rb6 Rd6 
40. Rxd6 Bxd6 41. Rd3 Bc7 42. c4 g4 43. c5 b6 44. c6 Kg8 45. e5 Bxe5 
46. Rd8+ Kf7 47. Rd7+ Kg8 48. Rd8+ Kf7 49. Rd7+ Kf6 50. Rxg7 Kxg7 51. Bxg4 Kf6 
52. Kg2 b5 53. axb5 Bc7 54. Kh3 a4 55. Bd1 a3 56. Bb3 Ke5 57. Kg4 h3 58. f4+ Kd4 
59. Kxh3 Kc5 60. f5 Kxb5 61. f6 a2 62. Bxa2 Kxc6 1/2-1/2

[Event "Friday 19 January Rapid Engine Tour 12+1 Rounds 9 Starts 1600 ST"]
[Site "Infinity Chess"]
[Date "2018.1.19"]
[Round "7"]
[White "BraveDevil"]
[Black "Boggyman"]
[Result "1/2-1/2"]
[ECO "D44"]
[WhiteElo "2374"]
[BlackElo "2431"]
[WhiteEngine "Cryptic AIL V1"]
[BlackEngine "Raubfisch ME262_GTZ16b3._CTG"]
[EventType "Swiss"]
[WhiteTeam ""]
[BlackTeam ""]
[PlyCount "118"]
[TimeControl "720+1"]

1. d4 d5 2. c4 e6 3. Nc3 Nf6 4. Nf3 c6 5. Bg5 h6 6. Bh4 dxc4 7. e4 g5 8. Bg3 b5 
9. Be2 Bb7 10. O-O Nbd7 11. Ne5 Bg7 12. Nxd7 Nxd7 13. Bd6 a6 14. e5 c5 
15. d5 Nxe5 16. dxe6 Nd3 17. exf7+ Kxf7 18. Bxd3 cxd3 19. Qxd3 Qf6 20. Bxc5 Qc6 
21. Qf5+ Bf6 22. f3 Qc8 23. Qxc8 Rhxc8 24. Rfd1 Bxf3 25. Rd7+ Ke8 26. Rd6 Bxc3 
27. bxc3 Rxc5 28. gxf3 Ke7 29. Rxh6 Rxc3 30. Re1+ Kd7 31. Re5 Rc2 32. Rxg5 Re8 
33. Rg7+ Kc8 34. Kf1 Rxa2 35. h4 Rd8 36. Rc6+ Kb8 37. Rb6+ Ka8 38. Ke1 Re8+ 
39. Kd1 Rd8+ 40. Kc1 Re8 41. Kd1 Rd8+ 42. Kc1 Rb8 43. Re6 Rb7 44. Rg8+ Ka7 
45. h5 Rc7+ 46. Kb1 Rf2 47. Rgg6 Rxf3 48. Rxa6+ Kb8 49. h6 Rf1+ 50. Kb2 Rf2+ 
51. Kb3 Rf3+ 52. Kb4 Rf4+ 53. Kxb5 Rf1 54. Rab6+ Ka7 55. h7 Rf5+ 56. Kb4 Rxh7 
57. Ra6+ Kb7 58. Rab6+ Ka7 59. Ka3 Rh3+ 1/2-1/2

[Event "Friday 19 January Rapid Engine Tour 12+1 Rounds 9 Starts 1600 ST"]
[Site "Infinity Chess"]
[Date "2018.1.19"]
[Round "7"]
[White "Thinker"]
[Black "Satria_Ungu"]
[Result "1/2-1/2"]
[ECO "C55"]
[WhiteElo "2422"]
[BlackElo "2394"]
[WhiteEngine "BrainFish_180113_x64_modern_CTG"]
[BlackEngine "Houdini 6"]
[EventType "Swiss"]
[WhiteTeam ""]
[BlackTeam ""]
[PlyCount "110"]
[TimeControl "720+1"]

1. e4 e5 2. Nf3 Nc6 3. Bc4 Nf6 4. d3 Bc5 5. c3 d6 6. O-O h6 7. h3 O-O 8. Re1 a5 
9. Nbd2 Be6 10. a4 Ba7 11. Bxe6 fxe6 12. Nc4 Bc5 13. Be3 Bxe3 14. Rxe3 Qd7 
15. Rc1 Rf7 16. d4 exd4 17. cxd4 Raf8 18. Qb3 b6 19. Kh2 Nb4 20. Na3 g5 
21. Nc2 Rg7 22. Kg1 g4 23. Nd2 Nxc2 24. Rxc2 Qf7 25. hxg4 Nxg4 26. Rf3 Qg6 
27. Rxf8+ Kxf8 28. Rc3 h5 29. Rf3+ Kg8 30. Rh3 d5 31. Qd3 Ne5 32. Qf1 Nc6 
33. exd5 Nxd4 34. dxe6 Qxe6 35. Re3 Qc6 36. b3 h4 37. Kh2 Rg4 38. Kh1 Kf8 
39. Nc4 Rg7 40. Kh2 Kg8 41. f4 Ne6 42. f5 Nf4 43. Qf3 Qxf3 44. Rxf3 Nxg2 
45. f6 Rg5 46. f7+ Kf8 47. Rf1 Ne1 48. Rxe1 Kxf7 49. Kh3 Rg3+ 50. Kxh4 Rxb3 
51. Kg5 b5 52. Nxa5 Rb2 53. Nc6 bxa4 54. Re7+ Kf8 55. Rxc7 a3 1/2-1/2

[Event "Friday 19 January Rapid Engine Tour 12+1 Rounds 9 Starts 1600 ST"]
[Site "Infinity Chess"]
[Date "2018.1.19"]
[Round "7"]
[White "OlivierEvan"]
[Black "Dinkelberger"]
[Result "1-0"]
[ECO "A45"]
[WhiteElo "2382"]
[BlackElo "2424"]
[WhiteEngine "Houdini 6"]
[BlackEngine "stockfish_18011309_x64_modern_CTG"]
[EventType "Swiss"]
[WhiteTeam ""]
[BlackTeam ""]
[PlyCount "171"]
[TimeControl "720+1"]

1. d4 Nf6 2. Bf4 d5 3. Nf3 c5 4. e3 Nc6 5. Nbd2 e6 6. c3 cxd4 7. exd4 Bd6 
8. Bxd6 Qxd6 9. Bd3 O-O 10. O-O b6 11. Re1 Qf4 12. Ne5 Nxe5 13. dxe5 Nd7 
14. g3 Qh6 15. f4 a5 16. Nf3 Bb7 17. Nd4 Nc5 18. Bc2 Qh3 19. Qf3 Rad8 
20. Qe2 Ba6 21. Qe3 Rfe8 22. b4 Nd7 23. bxa5 bxa5 24. Ba4 h5 25. Nf3 Qg4 
26. Rac1 Rf8 27. Ng5 h4 28. Bd1 Qf5 29. g4 Qg6 30. Bc2 Qh6 31. Qa7 Bb5 
32. Qxa5 Bc6 33. Bh7+ Kh8 34. Bd3 Kg8 35. Qb4 g6 36. Qd6 Ba8 37. Qc7 Rfe8 
38. Bb5 Qf8 39. Qa7 Qe7 40. Qf2 Kg7 41. Nf3 Rg8 42. Bxd7 Rxd7 43. Nd4 Bb7 
44. Kh1 Rc7 45. Re3 Bc8 46. Rf1 Rh8 47. Rf3 h3 48. f5 Qh4 49. f6+ Kg8 
50. Rg3 Bb7 51. Qb2 Qh6 52. Qb6 Rd7 53. a4 Qf8 54. a5 Qc8 55. Ra1 Ba6 
56. Nc6 Bb7 57. Ne7+ Rxe7 58. fxe7 d4+ 59. Kg1 Kg7 60. a6 Ba8 61. Rd1 Qe8 
62. Qc5 Bd5 63. Rxd4 Qb8 64. Rd1 Re8 65. c4 Be4 66. Qd4 Bg2 67. Rxg2 hxg2 
68. a7 Qb7 69. Ra1 Ra8 70. Qd8 Qb2 71. Re1 Qb4 72. Rd1 Qa4 73. Kxg2 Qxc4 
74. e8=N+ Kf8 75. Nd6+ Rxd8 76. Nxc4 Rc8 77. Rb1 Rxc4 78. a8=Q+ Kg7 79. Rb8 Kh6 
80. h4 Rc2+ 81. Kf3 Rc3+ 82. Ke4 Rc4+ 83. Kd3 Rc3+ 84. Kxc3 g5 85. Rh8+ Kg6 
86. Qg8# 1-0

[Event "Friday 19 January Rapid Engine Tour 12+1 Rounds 9 Starts 1600 ST"]
[Site "Infinity Chess"]
[Date "2018.1.19"]
[Round "7"]
[White "neófito"]
[Black "star99"]
[Result "1/2-1/2"]
[ECO "B90"]
[WhiteElo "2440"]
[BlackElo "2420"]
[WhiteEngine "asmFishW_2018-01-12_bmi2"]
[BlackEngine "Cryptic AIL V1"]
[EventType "Swiss"]
[WhiteTeam ""]
[BlackTeam ""]
[PlyCount "92"]
[TimeControl "720+1"]

1. e4 c5 2. Nf3 d6 3. d4 cxd4 4. Nxd4 Nf6 5. Nc3 a6 6. Be3 e5 7. Nb3 Be7 
8. Be2 Be6 9. Qd3 Nc6 10. a3 Rc8 11. Nd5 O-O 12. Nb6 Rb8 13. Rd1 Nd7 
14. Nxd7 Bxd7 15. O-O Rc8 16. Rc1 Kh8 17. Nd2 Be6 18. c3 d5 19. exd5 Bxd5 
20. Rfd1 f5 21. Nc4 Bxc4 22. Qxc4 Nd4 23. Qd3 Nxe2+ 24. Qxe2 Qc7 25. c4 Rcd8 
26. b4 h6 27. c5 Bf6 28. h3 Qc6 29. Qc2 f4 30. Bd2 f3 31. Be3 fxg2 32. Qf5 e4 
33. Rxd8 Rxd8 34. Kxg2 Bb2 35. Rc4 Bxa3 36. Qxe4 Rd5 37. f3 Bb2 38. Rc2 Bf6 
39. Bf4 Qd7 40. Re2 Qf7 41. Rd2 Rxd2+ 42. Bxd2 Qa2 43. Qe8+ Kh7 44. Qe4+ Kh8 
45. Qe8+ Kh7 46. Qe4+ Kh8 1/2-1/2

[Event "Friday 19 January Rapid Engine Tour 12+1 Rounds 9 Starts 1600 ST"]
[Site "Infinity Chess"]
[Date "2018.1.19"]
[Round "7"]
[White "Katzenmaier"]
[Black "NINJA_JENGKA"]
[Result "0-1"]
[ECO "C26"]
[WhiteElo "2477"]
[BlackElo "2433"]
[WhiteEngine "S_XPrO.251117.x64.POPCNT_CTG"]
[BlackEngine "Houdini 6_CTG"]
[EventType "Swiss"]
[WhiteTeam ""]
[BlackTeam ""]
[PlyCount "212"]
[TimeControl "720+1"]

1. e4 e5 2. Nc3 Nf6 3. g3 Bc5 4. Bg2 d6 5. Na4 Nc6 6. d3 Bg4 7. f3 Be6 
8. Nxc5 dxc5 9. Ne2 Qd6 10. b3 a5 11. Nc3 O-O-O 12. Nb5 Qd7 13. Bg5 b6 
14. Qd2 h6 15. Be3 Rhg8 16. Nc3 Qe7 17. Qf2 Nd4 18. Na4 g5 19. c3 Nb5 
20. Rc1 Kb8 21. Nxc5 bxc5 22. Bxc5 Nd6 23. d4 Bc8 24. dxe5 Qxe5 25. Ba7+ Ka8 
26. O-O Nd7 27. Be3 Qe6 28. Rfd1 Bb7 29. c4 Ne5 30. Rd5 Kb8 31. Qe2 Nc6 
32. Re1 f6 33. Qd2 h5 34. Qc3 h4 35. g4 Nf7 36. Bf1 Nfe5 37. Be2 Nb4 38. a3 Nxd5 
39. cxd5 Bxd5 40. exd5 Qxd5 41. Kf2 h3 42. Rc1 Rd7 43. Rd1 Nxg4+ 44. Kg3 Qe5+ 
45. Qxe5 Nxe5 46. Rxd7 Nxd7 47. Bd2 Re8 48. Bb5 Kb7 49. a4 c6 50. Bc4 Kb6 
51. Kxh3 Ne5 52. Be2 f5 53. Kg3 f4+ 54. Kg2 Ng4 55. Kf1 Ne3+ 56. Kf2 Rh8 
57. Kg1 Rd8 58. Bc3 Nc2 59. Kf2 Nd4 60. Bd1 c5 61. Be1 Rh8 62. Kg1 Rh6 
63. Bc3 Rd6 64. Be1 Nc6 65. Be2 Re6 66. Kf1 Nd4 67. Bc4 Re3 68. Bf2 Rxf3 
69. Kg2 Rc3 70. Bf7 Nxb3 71. Bh5 Nd2 72. Be1 Rc1 73. Kf2 Ne4+ 74. Ke2 Rc2+ 
75. Kd1 Rxh2 76. Bg6 f3 77. Bxe4 f2 78. Bxf2 Rxf2 79. Ke1 Ra2 80. Bf5 g4 
81. Be6 c4 82. Bxc4 Rxa4 83. Bb3 Ra1+ 84. Kf2 g3+ 85. Kg2 a4 86. Bf7 a3 
87. Bb3 a2 88. Kf3 g2 89. Bd5 g1=Q 90. Bc4 Rb1 91. Bxa2 Qf2+ 92. Kxf2 Rb2+ 
93. Ke3 Rxa2 94. Kf4 Ra4+ 95. Ke3 Kc5 96. Kf3 Rd4 97. Ke3 Kc4 98. Ke2 Rd3 
99. Kf2 Kc3 100. Ke1 Rd2 101. Kf1 Ra2 102. Kg1 Kd3 103. Kf1 Ke3 104. Kg1 Kf3 
105. Kh1 Kg3 106. Kg1 Ra1# 0-1

[Event "Friday 19 January Rapid Engine Tour 12+1 Rounds 9 Starts 1600 ST"]
[Site "Infinity Chess"]
[Date "2018.1.19"]
[Round "7"]
[White "hafaba"]
[Black "CrapCleaner"]
[Result "0-1"]
[ECO "A06"]
[WhiteElo "2469"]
[BlackElo "2450"]
[WhiteEngine "Stockfish SL 07012018 POPCNT_CTG"]
[BlackEngine "komodo-11.2.2-64bit_CTG"]
[EventType "Swiss"]
[WhiteTeam ""]
[BlackTeam ""]
[PlyCount "224"]
[TimeControl "720+1"]

1. Nf3 d5 2. d4 Nf6 3. c4 e6 4. Nc3 c6 5. e3 Nbd7 6. Bd3 dxc4 7. Bxc4 b5 
8. Be2 Bb7 9. O-O Be7 10. a3 a5 11. b3 O-O 12. Bb2 b4 13. axb4 axb4 14. Na4 c5 
15. Nd2 cxd4 16. Bxd4 Qb8 17. Nc4 Rd8 18. Qc2 e5 19. Bb2 Be4 20. Qc1 h5 
21. Rd1 h4 22. h3 Qb7 23. Bf1 Rdc8 24. Rd2 Bf5 25. Qd1 Qb8 26. Rc1 Be6 
27. Be2 Ra7 28. Bd3 g6 29. Ra1 Bf8 30. Qe1 Nd5 31. Rdd1 Rb7 32. Na5 Ra7 
33. Nc4 Rb7 34. Be4 Rb5 35. Qe2 N5f6 36. Bc2 e4 37. Rd4 Rg5 38. Kh1 Bd5 
39. Qe1 Rc6 40. Bd1 Ne5 41. Nxe5 Rxe5 42. Rb1 Rg5 43. Ba1 Be6 44. Be2 Qc8 
45. Bf1 Ra5 46. Qd1 Be7 47. Rd2 Nd7 48. Bd4 Kh7 49. Nb2 Ne5 50. Bxe5 Rxe5 
51. Nc4 Rec5 52. Kg1 Qb8 53. Ra1 Bf6 54. Ra4 Bc3 55. Rd8 Rc8 56. Rd6 R5c6 
57. Rxc6 Rxc6 58. Qc2 f5 59. Qa2 Bxc4 60. Bxc4 Rd6 61. Qb1 Qd8 62. Be2 Qf6 
63. Ra2 Qe5 64. Qf1 Kh6 65. Qb1 Rd7 66. Qc2 Rd2 67. Qb1 Rd8 68. Qc2 Rd7 
69. Qb1 Qd6 70. Ra6 Qe5 71. Ra2 Qc7 72. Rc2 Qd8 73. Ra2 Qe7 74. Ra6 Rd2 
75. Ra2 Rd8 76. Qc1 Qd7 77. Qc2 Qe6 78. Ra6 Qe7 79. Qb1 Qc7 80. Bc4 Rd2 
81. Ra2 Rd6 82. Qc1 Qd8 83. Be2 Qe7 84. Bc4 Rd8 85. Be2 Qc7 86. Bf1 Qb8 
87. Ra5 Rd2 88. Rc5 Qd6 89. Ra5 Rd1 90. Qc2 Re1 91. Ra2 Rxf1+ 92. Kxf1 Qh2 
93. Qd1 Qh1+ 94. Ke2 Qxg2 95. Rd2 Qxh3 96. Qg1 Qf3+ 97. Ke1 h3 98. Qh2 Kh5 
99. Qc7 Bxd2+ 100. Kxd2 Qxf2+ 101. Kc1 h2 102. Qh7+ Kg5 103. Qe7+ Kg4 
104. Qh7 Qxe3+ 105. Kb1 Qe1+ 106. Kc2 h1=Q 107. Qxh1 Qxh1 108. Kd2 f4 
109. Ke2 Qh2+ 110. Kd1 Qb2 111. Ke1 e3 112. Kd1 Qd2# 0-1

[Event "Friday 19 January Rapid Engine Tour 12+1 Rounds 9 Starts 1600 ST"]
[Site "Infinity Chess"]
[Date "2018.1.19"]
[Round "7"]
[White "Wolle"]
[Black "KRAKEN"]
[Result "1/2-1/2"]
[ECO "C53"]
[WhiteElo "2460"]
[BlackElo "2482"]
[WhiteEngine "Raubfisch X37a2_CTG"]
[BlackEngine "Raubfisch ME262_GTZ16b3._CTG"]
[EventType "Swiss"]
[WhiteTeam ""]
[BlackTeam ""]
[PlyCount "116"]
[TimeControl "720+1"]

1. e4 e5 2. Nf3 Nc6 3. Bc4 Bc5 4. c3 Nf6 5. d3 O-O 6. O-O d6 7. h3 a6 8. Re1 Ba7 
9. a4 h6 10. Nbd2 Nh5 11. Nf1 Qf6 12. N1h2 Qg6 13. d4 Nf6 14. Bd3 Re8 
15. Kh1 Qh5 16. Bc2 Bd7 17. Kg1 Qg6 18. Nh4 Qh5 19. Qxh5 Nxh5 20. d5 Ne7 
21. Ng4 a5 22. Bd2 Bxg4 23. hxg4 Nf6 24. Bd1 c6 25. dxc6 bxc6 26. Nf5 Nxf5 
27. gxf5 d5 28. Bc2 Red8 29. Kf1 Nxe4 30. Bxe4 dxe4 31. Bc1 f6 32. Rxe4 Rd1+ 
33. Re1 Rd5 34. Be3 Bxe3 35. Rxe3 Rb8 36. b4 axb4 37. cxb4 Rxb4 38. a5 Kf7 
39. a6 Rd8 40. Rc3 Rb6 41. Ke2 Ra8 42. Rca3 Rb2+ 43. Kd3 Ke7 44. Kc4 Kd6 
45. Rd3+ Kc7 46. Rg3 Kb6 47. Rxg7 Rxa6 48. Rxa6+ Kxa6 49. f3 Kb6 50. Rg6 h5 
51. Rxf6 Rxg2 52. Rh6 Rf2 53. f6 Rxf3 54. Rxh5 e4 55. f7 Rxf7 56. Re5 e3 
57. Rxe3 c5 58. Re6+ Ka5 1/2-1/2

[Event "Friday 19 January Rapid Engine Tour 12+1 Rounds 9 Starts 1600 ST"]
[Site "Infinity Chess"]
[Date "2018.1.19"]
[Round "7"]
[White "Marsell"]
[Black "ocirema"]
[Result "1/2-1/2"]
[ECO "B90"]
[WhiteElo "2490"]
[BlackElo "2447"]
[WhiteEngine "asmFishW_2018-01-11_popcnt"]
[BlackEngine "stockfish_18011309_x64_modern_CTG"]
[EventType "Swiss"]
[WhiteTeam ""]
[BlackTeam ""]
[PlyCount "64"]
[TimeControl "720+1"]

1. e4 c5 2. Nf3 d6 3. d4 cxd4 4. Nxd4 Nf6 5. Nc3 a6 6. Be3 e5 7. Nb3 Be6 
8. f3 h5 9. Qd2 Nbd7 10. Nd5 Nxd5 11. exd5 Bf5 12. Na5 Qc7 13. c4 Be7 
14. Be2 Bh4+ 15. g3 Bd8 16. b4 Qc8 17. O-O Bxa5 18. bxa5 O-O 19. Rfc1 Qc7 
20. Qb4 Rac8 21. Rc3 Nc5 22. g4 hxg4 23. fxg4 Be4 24. Bxc5 Qxc5+ 25. Qxc5 Rxc5 
26. Rb3 f5 27. gxf5 Rf7 28. Rb6 Rd7 29. Bg4 Rd8 30. Be2 Rd7 31. Bg4 Rd8 
32. Be2 Rd7 1/2-1/2

[Event "Friday 19 January Rapid Engine Tour 12+1 Rounds 9 Starts 1600 ST"]
[Site "Infinity Chess"]
[Date "2018.1.19"]
[Round "7"]
[White "Deep SKY"]
[Black "Vimtiroba"]
[Result "1/2-1/2"]
[ECO "A06"]
[WhiteElo "2471"]
[BlackElo "2495"]
[WhiteEngine "BrainFish_180106_x64_CTG"]
[BlackEngine "SF@Infinity_CTG"]
[EventType "Swiss"]
[WhiteTeam ""]
[BlackTeam ""]
[PlyCount "164"]
[TimeControl "720+1"]

1. Nf3 d5 2. d4 Nf6 3. c4 e6 4. Nc3 c6 5. e3 Nbd7 6. Qc2 Bd6 7. Bd3 dxc4 
8. Bxc4 O-O 9. O-O a6 10. Rd1 b5 11. Bd3 Qc7 12. Bd2 c5 13. Ne4 c4 14. Nxd6 Qxd6 
15. Be2 Bb7 16. b3 Bd5 17. Be1 Rfc8 18. Qb2 Ne4 19. Rdc1 f6 20. Ba5 f5 
21. Ne1 Nef6 22. bxc4 Bxc4 23. Bd1 Nb6 24. h3 Nbd5 25. Bc2 g5 26. Nf3 g4 
27. hxg4 Nxg4 28. Bd1 Ra7 29. Ne5 h5 30. a4 Rg7 31. axb5 axb5 32. Qa3 Qxa3 
33. Rxa3 Nxe5 34. dxe5 b4 35. Ra4 Rxg2+ 36. Kxg2 Bf1+ 37. Kxf1 Rxc1 
38. Bxb4 Rxd1+ 39. Kg2 Rc1 40. Bd6 Kh7 41. Kf3 Kg6 42. Ra6 Kh7 43. Ra7+ Kg6 
44. Ra8 Kf7 45. Rh8 Kg6 46. Rg8+ Kf7 47. Rf8+ Kg6 48. Rh8 Rc2 49. Rg8+ Kf7 
50. Rf8+ Kg6 51. Rg8+ Kf7 52. Rf8+ Kg6 53. Rh8 Rc3 54. Rg8+ Kf7 55. Rf8+ Kg7 
56. Kg2 Kg6 57. Ra8 Kf7 58. Ra7+ Kg6 59. Ra6 Rc8 60. Ra7 Rc2 61. Kf3 h4 
62. Ra8 h3 63. Rh8 Ra2 64. Rxh3 Nc3 65. Rh2 Rb2 66. Rg2+ Kf7 67. Bc7 Ne4 
68. Ba5 Ra2 69. Bd8 Rc2 70. Bh4 Rb2 71. Rg1 Rb5 72. Bg3 Nxg3 73. Kxg3 Rxe5 
74. Ra1 Re4 75. Kh2 Rg4 76. Kh3 Ke7 77. f3 Rc4 78. Kg3 Ke8 79. Ra7 e5 
80. Ra5 f4+ 81. exf4 exf4+ 82. Kg4 Rc3 1/2-1/2

[Event "Friday 19 January Rapid Engine Tour 12+1 Rounds 9 Starts 1600 ST"]
[Site "Infinity Chess"]
[Date "2018.1.19"]
[Round "7"]
[White "MGR"]
[Black "angriff"]
[Result "1/2-1/2"]
[ECO "B00"]
[WhiteElo "2475"]
[BlackElo "2450"]
[WhiteEngine "asmFishW_2017-11-19_bmi2"]
[BlackEngine "Raubfisch ME262_GTZ16b2_CTG"]
[EventType "Swiss"]
[WhiteTeam ""]
[BlackTeam ""]
[PlyCount "69"]
[TimeControl "720+1"]

1. e4 Nc6 2. d4 d5 3. e5 Bf5 4. c3 e6 5. Bb5 Qd7 6. Nf3 Nge7 7. Nh4 a6 8. Ba4 f6 
9. f4 Bg6 10. O-O Nf5 11. Nxg6 hxg6 12. Rf2 g5 13. g4 Nh4 14. exf6 gxf6 
15. fxg5 e5 16. gxf6 O-O-O 17. Bxc6 bxc6 18. Be3 e4 19. Nd2 Bd6 20. Qe2 Rdg8 
21. g5 Nf5 22. Raf1 Nxe3 23. Qxe3 Rh3 24. f7 Rf8 25. Qe2 e3 26. Rg2 exd2 
27. g6 Bxh2+ 28. Rxh2 Rxh2 29. g7 Rxe2 30. gxf8=Q+ Kb7 31. Qb4+ Ka7 32. Qc5+ Kb7 
33. Qb4+ Ka7 34. Qc5+ Kb7 35. Qb4+ 1/2-1/2

[Event "Friday 19 January Rapid Engine Tour 12+1 Rounds 9 Starts 1600 ST"]
[Site "Infinity Chess"]
[Date "2018.1.19"]
[Round "7"]
[White "RonWeasley"]
[Black "Neoxium"]
[Result "1/2-1/2"]
[ECO "C55"]
[WhiteElo "2481"]
[BlackElo "2494"]
[WhiteEngine "BrainFish 130117_CTG"]
[BlackEngine "SF SL FA-IDeA"]
[EventType "Swiss"]
[WhiteTeam ""]
[BlackTeam ""]
[PlyCount "102"]
[TimeControl "720+1"]

1. e4 e5 2. Nf3 Nc6 3. Bc4 Nf6 4. d3 Bc5 5. c3 a5 6. Bg5 h6 7. Bh4 g5 8. Bg3 d6 
9. O-O O-O 10. Na3 a4 11. Nc2 Bb6 12. Re1 Ra5 13. Ne3 Kg7 14. Rb1 Ne7 
15. b4 axb3 16. Bxb3 Bxe3 17. fxe3 b5 18. Rf1 c5 19. Rb2 Ng6 20. Qb1 Nh5 
21. Be1 g4 22. Nd2 Qg5 23. Rf2 Nf6 24. Nf1 h5 25. Bd1 Bd7 26. a4 bxa4 
27. c4 Raa8 28. Rb6 Nh7 29. Bc3 h4 30. Rxd6 Qe7 31. Rb6 Ng5 32. Ra2 Rfd8 
33. Be2 h3 34. g3 Nf3+ 35. Bxf3 gxf3 36. d4 Bg4 37. d5 Nf8 38. Qa1 Nd7 
39. Rc6 Re8 40. Rxa4 f2+ 41. Kxf2 Rxa4 42. Qxa4 Qg5 43. Qc2 Bh5 44. Kg1 Qg4 
45. Qf2 Qxe4 46. Rd6 Bg4 47. Nd2 Qd3 48. Qf4 Qe2 49. Qf2 Qd3 50. Qf4 Qe2 
51. Qf2 Qd3 1/2-1/2

[Event "Friday 19 January Rapid Engine Tour 12+1 Rounds 9 Starts 1600 ST"]
[Site "Infinity Chess"]
[Date "2018.1.19"]
[Round "7"]
[White "xeonrocks"]
[Black "Dovahkiin"]
[Result "1-0"]
[ECO "C10"]
[WhiteElo "2539"]
[BlackElo "2447"]
[WhiteEngine "asmFishW_CTG"]
[BlackEngine "BrainFish_180113_x64_modern_CTG"]
[EventType "Swiss"]
[WhiteTeam ""]
[BlackTeam ""]
[PlyCount "140"]
[TimeControl "720+1"]

1. e4 e6 2. d4 d5 3. Nc3 dxe4 4. Nxe4 Nd7 5. Nf3 Ngf6 6. Nxf6+ Nxf6 7. Bd3 c5 
8. Be3 Qc7 9. Qe2 a6 10. O-O b6 11. c4 Be7 12. dxc5 Bxc5 13. Bxc5 Qxc5 
14. a3 Bb7 15. Ne5 a5 16. Rab1 O-O 17. b4 axb4 18. axb4 Qc7 19. Rfe1 Rad8 
20. Qe3 Nd7 21. Bf1 Nxe5 22. Qxe5 Qe7 23. Qb5 Qc7 24. Rbd1 h6 25. Qh5 Ra8 
26. Qh3 Qe7 27. b5 Rfd8 28. Qg3 Rxd1 29. Rxd1 Rd8 30. Rxd8+ Qxd8 31. Be2 Be4 
32. Qe3 Bb7 33. Qf4 f6 34. h3 Kh8 35. Qg3 Kh7 36. Bh5 Be4 37. Qg4 Bf5 
38. Qd1 Qc8 39. Qd4 e5 40. Qxb6 Qxc4 41. Be8 h5 42. Qc6 Qb4 43. Qf3 Bg6 
44. Bc6 h4 45. Qe2 Qc3 46. Qe3 Qc2 47. Kh2 Qc4 48. Qd2 Bf5 49. Qb2 Bc8 
50. Qa3 Kg6 51. Qe3 Kf7 52. Qe4 Qxe4 53. Bxe4 f5 54. Bc6 e4 55. b6 Kf6 
56. b7 Bxb7 57. Bxb7 Ke5 58. Kg1 Kf4 59. Kf1 Ke5 60. Ke2 Kf4 61. f3 exf3+ 
62. gxf3 Ke5 63. Ke3 Ke6 64. Kd4 g6 65. Bd5+ Kf6 66. Bb3 g5 67. Bc4 g4 
68. hxg4 fxg4 69. f4 Kf5 70. Ke3 Kf6 1-0